 Dungeon Crawl Stone Soup version 0.20.1-1-g8b1a95d (webtiles) character file.

480417 Jannitor the Axe Maniac (level 23, -6/218 HPs)
             Began as a Minotaur Chaos Knight on Oct 11, 2017.
             Killed from afar by a starcursed mass (20 damage)
             ... with an accursed screaming
             ... on level 4 of the Abyss.
             The game lasted 02:57:09 (52553 turns).

Jannitor the Axe Maniac (Minotaur Chaos Knight)    Turns: 52553, Time: 02:57:10

Health: -6/218     AC: 44    Str: 27      XL:     23   Next: 69%
Magic:  34/34      EV: 18    Int:  6 (9)  God:    Xom [....*.]
Gold:   757        SH:  0    Dex: 12      Spells: 22/22 levels left

rFire    + . .     SeeInvis .   s - +8 executioner's axe (flame)
rCold    . . .     Gourm    .   (shield currently unavailable)
rNeg     . . .     Faith    .   H - +1 crystal plate armour "Balal" {Str+4 Dex+2}
rPois    +         Spirit   .   (helmet unavailable)
rElec    .         Reflect  .   C - +2 cloak {rPois}
rCorr    .         Harm     .   m - +3 pair of gauntlets of War {Slay+5}
MR       +....     Rnd*Rage +   a - +1 pair of boots
Stlth    ..........             J - amulet of regeneration
Regen    0.9/turn               P - +4 ring of evasion
MPRegen  0.3/turn               w - ring of protection from fire

@: confused, slowed, very slow
A: retaliatory headbutt, beak, claws 2, horns 3, iridescent scales 1, slimy
green scales 1, berserk 1, blurry vision 1, clumsy 2, wild magic 2
}: 2/15 runes: serpentine, barnacled
a: Renounce Religion


You were on level 4 of the Abyss.
You worshipped Xom.
You were a beloved toy of Xom.
You were not hungry.

You visited 7 branches of the dungeon, and saw 38 of its levels.
You visited the Abyss 1 time.
You visited 1 bazaar.
You also visited: Labyrinth, Ice Cave, Volcano and Wizlab.

You collected 6742 gold pieces.
You spent 5985 gold pieces at shops.

Inventory:

Hand Weapons
 s - a +8 executioner's axe of flaming (weapon)
 M - a +1 antimagic battleaxe
Armour
 a - a +1 pair of boots (worn)
 m - the +3 pair of gauntlets of War (worn) {Slay+5}
   (You acquired it on level 4 of the Vaults)

   It affects your accuracy and damage with ranged weapons and melee attacks
   (+5).
 v - a +4 crystal plate armour
 y - a scarf of resistance
 C - a +2 cloak of poison resistance (worn)
 H - the +1 crystal plate armour "Balal" (worn) {Str+4 Dex+2}
   (You acquired it on level 1 of the Snake Pit)

   It affects your strength (+4).
   It affects your dexterity (+2).
Jewellery
 j - an uncursed ring of positive energy
 w - a ring of protection from fire (right hand)
 J - an amulet of regeneration (around neck)
 P - a +4 ring of evasion (left hand)
Wands
 b - a wand of paralysis (3/24)
 d - a wand of digging (11/24)
 u - a wand of scattershot (2/9)
 E - a wand of flame (1/48)
 L - a wand of iceblast (9/15)
 R - a wand of lightning (5/15)
 U - a wand of disintegration (8/24)
 V - a wand of lightning (9/15)
 X - a wand of clouds (0/9)
Scrolls
 h - 6 scrolls of summoning
 k - a scroll of fog
 p - 2 scrolls of blinking
 x - a scroll of magic mapping
 A - 11 scrolls of remove curse
 D - 2 scrolls of silence
 F - a scroll of brand weapon
 G - 10 scrolls of recharging
 I - 2 scrolls of holy word
 K - 6 scrolls of identify
 T - 6 scrolls of teleportation
 W - 4 scrolls of fear
Potions
 i - 4 potions of cancellation
 n - 2 potions of haste
 t - 3 potions of resistance
 z - 4 potions of flight
 O - 3 potions of invisibility
 S - 10 potions of mutation
 Y - 2 potions of berserk rage
Miscellaneous
 o - a lamp of fire
 q - a phial of floods
 B - a phantom mirror
 Z - 2 sacks of spiders
Comestibles
 c - 11 bread rations
 g - 32 fruits
 l - 37 royal jellies
 r - 19 meat rations


   Skills:
 + Level 20.8 Fighting
 O Level 27 Axes
 + Level 20.7 Armour
 + Level 18.0 Dodging
 + Level 16.2 Evocations


You had 22 spell levels left.
You didn't know any spells.

Dungeon Overview and Level Annotations

Branches:
Dungeon (15/15)            Temple (0/1) D:7            Lair (6/6) D:9
 Shoals (4/4) Lair:3        Snake (4/4) Lair:2        Slime (0/5) Lair:5
    Orc (2/2) D:9             Elf (3/3) Orc:2        Vaults (4/5) D:13
  Crypt (0/3) Vaults:3     Depths (0/5) D:15

Altars:
Ashenzari
Cheibriados
Gozag
Hepliaklqana
Kikubaaqudgha
Makhleb
Qazlal
Vehumet
Xom
Yredelemnul
Zin
The Shining One
Jiyva
Lugonu

Shops:
D:4 (   D:8 !   D:12 [   D:15 =   Orc:2 ?}*[   Shoals:1 !   Shoals:2 *
Shoals:3 ?   Snake:1 %*(*   Snake:2 :   Snake:4 ![

Annotations:
D:3 1 exclusion
D:5 Dommiel19's ghost, amateur NaVM
Lair:1 Gastronok
Lair:2 exclusion: 3 oklob plants
Shoals:4 Ilsuiw
Elf:2 3 runed doors


Innate Abilities, Weirdness & Mutations

You reflexively headbutt those who attack you in melee.
You have a pair of large horns on your head.
You have a beak for a mouth.
You have very sharp fingernails.
You are partially covered in iridescent scales. (AC +2)
You are partially covered in slimy green scales. (AC +2)
You tend to lose your temper in combat.
Scrolls take you a little longer to read.
You are very clumsy. (Dex -4)
Your spells are harder to cast, but more powerful.


Message History

Your quasit barely misses the wraith.
Your quasit claws the wraith but does no damage.
Your quasit claws the wraith.
The wraith hits you but does no damage.
Your quasit bites the wraith but does no damage.
Your quasit claws the wraith but does no damage.
Your quasit claws the wraith.
The wraith hits you but does no damage.
You're too confused!
Unknown command.
Okay, then.
Unknown command.
Press: ? - help, v - describe, . - travel
Here: a starcursed mass The floor.
Are you sure you want to stumble around while confused and next to your quasit?
A starcursed mass splits. x3; Your quasit barely misses the wraith.
Your quasit misses the wraith.
Your quasit claws the wraith but does no damage.
A cacophony of accursed wailing tears at your sanity!
You die...
Xom cackles wildly!

. .#. ..).. #
...# . #. ..#
. # #.##
######...## .
#)#.#)..X.#X.
.# .
#..@).XXX...
.##X#}5X..#X
...
#.###WX.## #
#... ##X## #
X . #.. ..


#XX h. #...† .##X.. .†.. . . .X.. . ....† . .XX. ..... . . ... You could see 16
starcursed masses, a wraith and a friendly quasit.

Vanquished Creatures
  An ancient lich (WizLab)
  Saint Roka (Vaults:1)
  Nikola (Vaults:1)
  The ghost of Mitsuki the Warrior, an adept HOFi of Okawaru (Snake:4)
  The ghost of Turtleman12345 the Executioner, an adept MiFi of Jiyva (IceCv)
  6 bone dragons (Abyss:3)
  A hellephant (Abyss:3)
  2 liches
  Asterion (Elf:1)
  An ancient champion (WizLab)
  3 Executioners (Abyss:3)
  Polyphemus (Shoals:2)
  Agnes (Elf:2)
  11 tentacled starspawn
  2 thorn hunters (Abyss:3)
  2 tengu reavers (Abyss:3)
  An azure jelly (D:12)
  11 nagarajas
  A daeva (Abyss:3)
  A deep elf sorcerer (Abyss:4)
  The ghost of Turtleman12345 the Severer, a journeyman MiFi of Okawaru (Lair:6)
  An angel (Abyss:3)
  17 vault wardens
  13 ironheart preservers
  2 frost giants
  9 very ugly things
  7 stone giants
  The ghost of Jotun the Geomancer, a journeyman GrEE of Vehumet (Orc:2)
  Nessos (Orc:2)
  2 deep elf demonologists
  3 entropy weavers
  2 dire elephants (Abyss:3)
  An eidolon (Abyss:3)
  A lorocyproca (Abyss:3)
  A white draconian (Abyss:4)
  2 deep elf annihilators (Elf:3)
  3 blizzard demons
  An ettin (Vaults:2)
  A yellow draconian (Abyss:3)
  A deep elf death mage (Vaults:3)
  The ghost of Inkary the Tortoise, a journeyman MiFi of Okawaru (IceCv)
  7 merfolk javelineers
  Snorg (Orc:2)
  A deep elf high priest (Elf:3)
  A minotaur (shapeshifter) (Vaults:1)
  A minotaur (Lab)
  10 merfolk impalers
  11 yaktaur captains
  4 fire dragons
  3 ice dragons
  7 rakshasas
  4 great orbs of eyes (Abyss:3)
  12 ogre magi
  13 vault guards
  7 merfolk avatars
  11 naga warriors
  7 hydras
  2 catoblepae
  A death knight (Abyss:3)
  6 centaur warriors
  8 anacondas
  61 two-headed ogres
  An alligator snapping turtle (Shoals:4)
  15 dancing weapons
  5 merfolk aquamancers (Shoals:4)
  2 hell hogs (Abyss:4)
  A tengu warrior (D:15)
  3 satyrs
  6 death yaks (Lair:6)
  23 thrashing horrors
  3 orc high priests
  15 naga sharpshooters
  A shock serpent (shapeshifter) (Vaults:3)
  7 shock serpents
  Sonja (Lair:3)
  6 deep elf knights
  An anaconda zombie (Abyss:3)
  24 sea snakes
  9 wretched stars
  5 spatial maelstroms
  2 sixfirhies
  11 skeletal warriors
  A death drake (shapeshifter) (Vaults:4)
  A storm dragon skeleton (Abyss:3)
  The ghost of letownia the Martial Artist, a novice OpTm of Gozag (D:8)
  6 deep trolls
  A flayed ghost (Abyss:3)
  4 glowing orange brains
  An orange crystal statue (Elf:1)
  3 death drakes
  An unseen horror (shapeshifter) (Abyss:3)
  4 naga ritualists
  2 phantasmal warriors (Abyss:3)
  9 wizards
  60 starcursed masses
  An unseen horror (Vaults:1)
  8 deep elf archers
  13 ironbrand convokers
  An anaconda skeleton (Abyss:4)
  A swamp dragon (Abyss:3)
  An orb spider (Abyss:3)
  A necromancer (Vaults:2)
  10 mana vipers
  32 deep elf magi
  26 harpies
  3 orc sorcerers
  8 orc knights
  40 ugly things
  8 fauns
  11 manticores
  4 wolf spiders
  11 cyclopes
  An elephant (shapeshifter) (D:15)
  Joseph (D:8)
  6 elephants
  A manticore (shapeshifter) (D:15)
  7 worldbinders (Abyss:3)
  A guardian serpent (shapeshifter) (Abyss:3)
  40 black mambas
  6 salamanders
  19 vault sentinels
  A rust devil (Abyss:3)
  21 naga magi
  13 merfolk sirens
  10 guardian serpents
  4 water nymphs
  4 apocalypse crabs (Abyss:3)
  An ice statue (IceCv)
  2 gargoyles
  An orange demon (Abyss:3)
  5 spiny frogs
  13 smoke demons
  4 centaur skeletons
  A hellion (Abyss:3)
  5 komodo dragons
  4 rime drakes
  11 freezing wraiths
  45 yaktaurs
  9 hellwings
  5 kobold demonologists
  8 ice devils
  A demonic crawler (Abyss:3)
  A tormentor (Abyss:3)
  4 anaconda simulacra (IceCv)
  29 merfolk
  15 trolls
  2 golden dragon simulacra (IceCv)
  4 efreet
  3 queen bees (shapeshifter)
  A queen bee (D:11)
  A jumping spider (shapeshifter) (Vaults:1)
  A jumping spider (Vaults:4)
  8 polar bears
  A meliai (Snake:1)
  8 ancient zymes
  2 hornets (shapeshifter)
  A polar bear (shapeshifter) (Abyss:3)
  A tengu conjurer (D:15)
  8 wind drakes
  A slime creature (shapeshifter) (Shoals:2)
  A minotaur zombie (Lab)
  14 slime creatures
  32 raiju
  16 blink frogs
  7 hornets
  A frost giant simulacrum (Abyss:3)
  Prince Ribbit (D:4)
  A blink frog (shapeshifter) (Vaults:1)
  14 hippogriffs
  A fire dragon zombie (Abyss:3)
  10 snapping turtles
  4 flying skulls (Abyss:3)
  15 dream sheep
  An ettin skeleton (Abyss:3)
  4 centaur simulacra
  A hippogriff (shapeshifter) (Vaults:2)
  Sigmund (D:4)
  A redback (shapeshifter) (Abyss:3)
  2 air elementals
  32 large abominations
  An ice dragon skeleton (Abyss:3)
  4 dire elephant simulacra (IceCv)
  17 redbacks
  A tarantella (shapeshifter) (Elf:1)
  A yak (shapeshifter) (D:15)
  6 vampires
  11 ynoxinuls
  A spriggan (Lair:2)
  17 water elementals
  70 yaks
  6 wraiths
  2 fire elementals (Elf:2)
  A human (Abyss:4)
  14 fire bats
  6 wyverns
  7 golden eyes
  2 basilisks
  8 vampire mosquitoes
  10 wargs
  3 hungry ghosts
  11 neqoxecs
  7 chaos spawn
  A death yak simulacrum (IceCv)
  5 two-headed ogre zombies (WizLab)
  6 spatial vortices
  3 insubstantial wisps
  3 acid dragons
  A soldier ant (D:12)
  A water moccasin (shapeshifter) (D:15)
  5 hydra simulacra (IceCv)
  57 nagas
  17 water moccasins
  2 iron troll simulacra (IceCv)
  3 hell hounds (Abyss:3)
  Duvessa (D:6)
  A floating eye (shapeshifter) (Vaults:4)
  A floating eye (Snake:1)
  10 porcupines
  Purgy (D:4)
  42 orc warriors
  2 sky beasts
  3 necrophages
  3 ettin simulacra
  3 eyes of draining
  3 black bears
  An eye of draining (shapeshifter) (Vaults:1)
  15 boggarts
  A phantom (D:7)
  4 wolves
  A boggart (shapeshifter) (Vaults:4)
  38 centaurs
  38 ogres
  A swamp dragon skeleton (Abyss:3)
  17 crocodiles
  2 big kobolds
  Blork the orc (D:5)
  16 bullfrogs
  A wyvern zombie (D:11)
  2 earth elementals (Abyss:3)
  30 small abominations
  3 scorpions
  Dowan (D:6)
  A hornet simulacrum (Vaults:1)
  5 troll zombies (WizLab)
  38 killer bees
  5 howler monkeys
  28 wights
  3 electric eels
  2 lava snakes (Lair:6)
  4 centaur zombies
  10 crimson imps
  3 quasits
  A bullfrog zombie (D:11)
  4 draconian simulacra (IceCv)
  21 orc priests
  A bullfrog skeleton (D:9)
  7 jellies
  7 hounds
  A gnoll shaman (D:10)
  2 iguanas
  3 iron imps
  Natasha (thrice) (D:3)
  37 orc wizards
  A spriggan simulacrum (IceCv)
  7 worker ants
  6 troll simulacra (IceCv)
  5 ogre zombies (WizLab)
  4 hound skeletons
  3 worker ant zombies
  Robin (D:2)
  10 gnolls
  12 adders
  3 naga simulacra (IceCv)
  3 ogre simulacra (IceCv)
  9 shadow imps
  6 white imps
  9 ufetubi
  An ooze (shapeshifter) (D:4)
  2 adder zombies
  4 adder skeletons
  A worm (D:4)
  3 dart slugs
  6 leopard geckos
  110 orcs
  2 giant cockroaches
  2 gnoll zombies (D:6)
  13 goblins
  11 hobgoblins
  14 jackals
  16 kobolds
  6 quokkas
  13 bats
  6 frilled lizards
  A leopard gecko skeleton (D:4)
  A quokka skeleton (D:4)
  A quokka zombie (D:6)
  10 rats
  A briar patch (Abyss:3)
  2 demonic plants (D:12)
  2 fungi
  13 plants
  6 starspawn tentacles (Abyss:3)
  4 tentacles (Shoals:2)
2281 creatures vanquished.

Vanquished Creatures (collateral kills)
  A naga warrior (Snake:1)
  2 ogre magi (Orc:2)
  A vault guard (Vaults:2)
  A centaur warrior (Vaults:1)
  A two-headed ogre (Orc:2)
  A naga sharpshooter (Snake:1)
  A deep troll (Orc:2)
  A sea snake (Shoals:4)
  A glowing orange brain (Abyss:4)
  A large abomination (Abyss:4)
  2 deep elf magi (Elf:1)
  5 harpies (Shoals:2)
  A manticore (Shoals:4)
  A cyclops (Vaults:1)
  2 spiny frogs (Lair:6)
  2 komodo dragons (Lair:6)
  A merfolk (Shoals:4)
  A polar bear (Lair:6)
  6 dream sheep (Lair:6)
  A redback (Snake:1)
  A chaos spawn (Abyss:4)
  A floating eye (shapeshifter) (Vaults:1)
  2 orc warriors
  A hornet zombie (D:10)
  2 ogres (Orc:2)
  2 wolves (Orc:2)
  A killer bee (D:9)
  2 orc priests
  2 orcs
47 creatures vanquished.

Vanquished Creatures (others)
  A rakshasa (Vaults:1)
  A merfolk aquamancer (Shoals:4)
  A two-headed ogre (Orc:2)
  A hell hog (Abyss:4)
  A dancing weapon (Vaults:2)
  A deep elf knight (Elf:1)
  A wizard (Vaults:3)
  A deep elf archer (Elf:2)
  A slime creature (D:15)
  An acid dragon (shapeshifter) (Vaults:2)
  A hell hound (Abyss:3)
  An ettin simulacrum (Vaults:1)
  3 ogres (Orc:2)
  A boggart (D:15)
  A bullfrog (Lair:2)
  4 killer bees (D:11)
  A white imp (Abyss:3)
  2 briar patches (Abyss:3)
  3 demonic plants (D:12)
  10 fungi
  A lurking horror (Abyss:3)
  24 plants
  14 starspawn tentacles (Abyss:3)
  5 tentacles (Shoals:2)
81 creatures vanquished.

Grand Total: 2409 creatures vanquished

Notes
Turn   | Place    | Note
-------+----------+-------------------------------------------
     0 | D:1      | Jannitor the Minotaur Chaos Knight began the quest for the Orb.
     0 | D:1      | Reached XP level 1. HP: 19/19 MP: 0/0
   267 | D:1      | XOM: harmless Hex miscast
   285 | D:1      | Reached skill level 4 in Axes
   285 | D:1      | Reached XP level 2. HP: 25/27 MP: 1/1
   353 | D:1      | XOM: confuse monster(s)
   364 | D:1      | XOM: confuse monster(s)
   630 | D:1      | XOM: cloud trail
   732 | D:1      | XOM: silly message
   865 | D:2      | Reached XP level 3. HP: 33/33 MP: 2/2
   887 | D:2      | XOM: harmless Conj miscast
  1223 | D:2      | Found a glowing golden altar of the Shining One.
  1356 | D:2      | XOM: summons 1 hostile shadow creature
  1471 | D:2      | XOM: 2-stop teleportation journey
  1520 | D:2      | Reached XP level 4. HP: 41/41 MP: 3/3
  1678 | D:3      | Noticed Robin
  1879 | D:2      | Killed Robin
  1879 | D:2      | Reached skill level 5 in Axes
  1922 | D:3      | Reached skill level 5 in Fighting
  1922 | D:3      | Reached XP level 5. HP: 48/48 MP: 4/4
  2100 | D:3      | XOM: medium Necr miscast
  2101 | D:3      | Noticed a shadow
  2101 | D:3      | Noticed a shadow
  2113 | D:2      | XOM: summons 2 hostile demons
  2482 | D:3      | Noticed Natasha
  2485 | D:3      | XOM: summons 2 hostile shadow creatures
  2488 | D:3      | Killed Natasha
  2688 | D:3      | Found a glowing golden altar of the Shining One.
  2881 | D:3      | Found a hazy altar of Hepliaklqana.
  2963 | D:3      | XOM: noise
  2980 | D:3      | Noticed Natasha
  2987 | D:3      | XOM: confuse monster(s)
  2989 | D:3      | XOM: confusion
  2990 | D:3      | Killed Natasha
  2990 | D:3      | Reached XP level 6. HP: 56/56 MP: 5/5
  3012 | D:3      | Noticed Natasha
  3021 | D:3      | Killed Natasha
  3299 | D:4      | XOM: give mutations
  3299 | D:4      | Gained mutation: Your flesh is cold resistant. (rC+) [Xom's grace]
  3299 | D:4      | Gained mutation: You are partially covered in iridescent scales. (AC +2) [Xom's grace]
  3424 | D:4      | Noticed Sigmund
  3430 | D:4      | XOM: divination: magic mapping
  3524 | D:5      | Entered Level 5 of the Dungeon
  3529 | D:5      | Noticed Prince Ribbit
  3534 | D:4      | XOM: god gift: scroll labeled ZETEWKO SIXUC {god gift}
  3548 | D:4      | Noticed Purgy
  3560 | D:4      | Killed Purgy
  3560 | D:4      | Reached skill level 6 in Axes
  3560 | D:4      | Reached skill level 5 in Armour
  3571 | D:4      | XOM: cast spell 'Cause Fear'
  3746 | D:4      | XOM: noise
  3868 | D:4      | XOM: confuse monster(s)
  3873 | D:4      | XOM: polymorph orc priest -> ooze
  3876 | D:4      | Reached XP level 7. HP: 56/63 MP: 6/6
  3885 | D:4      | XOM: divination: detect creatures
  3953 | D:4      | Gained mutation: Your spells are a little easier to cast, but a little less powerful. [mutagenic meat]
  3955 | D:4      | Gained mutation: You are robust. (+10% HP) [mutagenic meat]
  3956 | D:4      | Gained mutation: You are agile. (Dex +2) [mutagenic meat]
  3967 | D:4      | Found Muyshred's Weapon Emporium.
  4228 | D:4      | XOM: harmless Erth miscast
  4323 | D:4      | Killed Prince Ribbit
  4323 | D:4      | Reached skill level 7 in Axes
  4396 | D:5      | XOM: mild Tloc miscast
  4436 | D:5      | XOM: 1-stop teleportation journey
  4557 | D:5      | Noticed Blork the orc
  4561 | D:5      | Killed Blork the orc
  4634 | D:5      | XOM: mild Tmut miscast
  4645 | D:5      | Reached XP level 8. HP: 76/80 MP: 7/7
  4737 | D:5      | Found a hazy altar of Hepliaklqana.
  4941 | D:5      | XOM: medium Necr miscast
  5038 | D:5      | Noticed Dommiel19's ghost (amateur NaVM)
  5141 | D:4      | Found a burning altar of Makhleb.
  5155 | D:4      | XOM: 1-stop teleportation journey
  5178 | D:4      | XOM: god gift: 12 bolts
  5203 | D:4      | Killed Sigmund
  5203 | D:4      | Reached skill level 1 in Evocations
  5310 | D:4      | XOM: summons 2 hostile demons
  5545 | D:5      | Reached skill level 8 in Axes
  5735 | D:6      | Found a basalt altar of Yredelemnul.
  5776 | D:6      | Found a stormy altar of Qazlal.
  5778 | D:6      | Noticed Dowan
  5796 | D:6      | Killed Dowan
  6019 | D:6      | XOM: summons 1 hostile demon
  6452 | D:6      | Noticed Duvessa
  6513 | D:6      | XOM: give mutation
  6513 | D:6      | Gained mutation: You possess an exceptional clarity of mind. [Xom's mischief]
  6587 | D:6      | Killed Duvessa
  6617 | D:6      | XOM: draining
  6648 | D:6      | Reached XP level 9. HP: 59/90 MP: 10/10
  6650 | D:6      | XOM: summons friendly crimson imp
  6657 | D:6      | Reached skill level 9 in Axes
  6739 | D:7      | Found a shattered altar of Ashenzari.
  6739 | D:7      | XOM: 3-stop teleportation journey
  6784 | D:7      | XOM: cast spell 'Statue Form'
  6895 | D:7      | XOM: medium Fire miscast
  7277 | D:7      | Found a staircase to the Ecumenical Temple.
  7547 | D:7      | XOM: give mutations
  7547 | D:7      | Lost mutation: You are agile. (Dex +2) [Xom's mischief]
  7547 | D:7      | Lost mutation: You are robust. (+10% HP) [Xom's mischief]
  7547 | D:7      | Lost mutation: Your spells are a little easier to cast, but a little less powerful. [Xom's mischief]
  7547 | D:7      | Gained mutation: Armour fits poorly on your strangely shaped body. [Xom's mischief]
  7948 | D:8      | Noticed a two-headed ogre
  7961 | D:8      | Killed a two-headed ogre
  7961 | D:8      | Reached skill level 10 in Axes
  7995 | D:8      | XOM: scenery: create altars
  8081 | D:8      | XOM: summons 1 hostile demon
  8316 | D:8      | Found Ibauhof's Distillery.
  8324 | D:8      | Bought a potion of heal wounds for 65 gold pieces
  8324 | D:8      | Bought a potion of curing for 39 gold pieces
  8324 | D:8      | Bought 2 potions of might for 104 gold pieces
  8324 | D:8      | Bought a potion of invisibility for 104 gold pieces
  8324 | D:8      | Bought a potion of agility for 52 gold pieces
  8324 | D:8      | Bought a potion of degeneration for 13 gold pieces
  8345 | D:8      | Noticed letownia's ghost (novice OpTm)
  8356 | D:8      | XOM: harmless Conj miscast
  8366 | D:8      | XOM: harmless Chrm miscast
  8367 | D:8      | XOM: summons 4 hostile demons
  8368 | D:8      | Noticed a sixfirhy
  8454 | D:8      | XOM: god gift: trident {god gift}
  8534 | D:8      | XOM: cast spell 'Summon Small Mammal'
  8537 | D:8      | XOM: summons friendly white imp
  8546 | D:8      | Killed letownia's ghost
  8546 | D:8      | Reached XP level 10. HP: 71/92 MP: 12/12
  8686 | D:8      | Noticed Joseph
  8687 | D:8      | XOM: confuse monster(s)
  8707 | D:8      | XOM: smoke on damage
  8716 | D:8      | Killed Joseph
  8716 | D:8      | Reached skill level 11 in Axes
  8993 | D:9      | Noticed a cyan ugly thing
  9156 | D:9      | XOM: potion effect (agility)
  9157 | D:9      | Reached skill level 5 in Evocations
  9158 | D:9      | Found a staircase to the Lair.
  9218 | Lair:1   | Entered Level 1 of the Lair of Beasts
  9369 | Lair:1   | Noticed Gastronok
  9369 | Lair:1   | XOM: stat loss: -1 Int (8/9)
  9375 | Lair:1   | XOM: noise
  9506 | Lair:1   | XOM: smoke on damage
  9591 | Lair:1   | Reached skill level 10 in Fighting
  9736 | Lair:1   | Noticed a spiny frog
  9741 | Lair:1   | Killed a spiny frog
  9789 | Lair:1   | XOM: blink monster(s)
  9801 | Lair:1   | Reached skill level 12 in Axes
  9804 | Lair:1   | XOM: stat loss: -1 Int (8/9)
  9831 | Lair:1   | XOM: summons 4 hostile shadow creatures
  9832 | Lair:1   | Noticed a spiny frog
 10095 | Lair:1   | XOM: polymorph porcupine -> wyvern
 10118 | Lair:1   | Noticed a spiny frog
 10123 | Lair:1   | Killed a spiny frog
 10143 | Lair:2   | XOM: summons 3 hostile demons
 10144 | Lair:2   | Reached skill level 10 in Armour
 10150 | Lair:2   | Reached XP level 11. HP: 58/101 MP: 14/14
 10165 | Lair:2   | Found a staircase to the Snake Pit.
 10265 | Lair:2   | XOM: harmless Pois miscast
 10711 | Lair:2   | XOM is BORED!
 10711 | Lair:2   | XOM: draining
 10815 | Lair:2   | Noticed an oklob plant
 10817 | Lair:2   | Noticed an oklob plant
 10819 | Lair:2   | XOM: destruction
 10820 | Lair:2   | Noticed an oklob plant
 10829 | Lair:2   | XOM: swap monsters
 10962 | Lair:2   | XOM: stat loss: -1 Dex (10/11)
 10968 | Lair:2   | Reached skill level 13 in Axes
 10995 | Lair:2   | XOM: enchant monster (bad)
 11238 | Lair:2   | Reached skill level 5 in Dodging
 11654 | Lair:3   | XOM: summons 2 hostile shadow creatures
 11725 | Lair:3   | Noticed Sonja
 11732 | Lair:3   | Killed Sonja
 11793 | Lair:3   | XOM: silly message
 11810 | Lair:3   | XOM: mild Conj miscast
 11822 | Lair:3   | XOM: harmless Tloc miscast
 11977 | Lair:3   | Found a glowing silver altar of Zin.
 11980 | Lair:3   | Noticed a five-headed hydra
 12035 | Lair:3   | XOM: swap monsters
 12066 | Lair:3   | XOM: medium Necr miscast
 12186 | Lair:3   | XOM: noise
 12314 | Lair:3   | XOM: god gift: 3 scrolls of immolation
 12443 | Lair:3   | Found a staircase to the Shoals.
 12446 | Lair:3   | Reached XP level 12. HP: 94/110 MP: 16/16
 12648 | Lair:3   | Reached skill level 14 in Axes
 12683 | Lair:3   | XOM: harmless Summ miscast
 12882 | Lair:4   | XOM: confuse monster(s)
 12917 | Lair:4   | Noticed a seven-headed hydra
 12933 | Lair:4   | Killed a 15-headed hydra
 13043 | Lair:4   | XOM: divination: magic mapping
 13536 | Lair:5   | XOM: harmless Air miscast
 13678 | Lair:5   | Killed an eight-headed hydra
 13815 | Lair:5   | XOM: harmless Chrm miscast
 14047 | Lair:5   | XOM: give mutation
 14047 | Lair:5   | Gained mutation: Your flesh is very cold resistant. (rC++) [Xom's grace]
 14068 | Lair:5   | Found a viscous altar of Jiyva.
 14068 | Lair:5   | Found a staircase to the Slime Pits.
 14207 | Lair:6   | Entered Level 6 of the Lair of Beasts
 14208 | Lair:6   | XOM: summons 12 friendly demons
 14227 | Lair:6   | Reached skill level 15 in Axes
 14273 | Lair:6   | Found a dark tunnel.
 14278 | Volcano  | Entered a volcano
 14290 | Volcano  | Noticed a hell hog
 14296 | Volcano  | XOM: scenery: create altars
 14297 | Volcano  | XOM: 3-stop teleportation journey
 14299 | Volcano  | XOM: cleaving
 14380 | Lair:6   | Reached XP level 13. HP: 74/119 MP: 18/18
 14466 | Lair:6   | Paralysed by a hornet for 3 turns
 14467 | Lair:6   | XOM: 11-stop teleportation journey
 14492 | Lair:6   | Noticed Turtleman12345's ghost (journeyman MiFi)
 14498 | Lair:6   | XOM: potion effect (brilliance)
 14511 | Lair:6   | XOM: confuse monster(s)
 14517 | Lair:6   | XOM: enchant monster (good)
 14523 | Lair:6   | XOM: cleaving
 14530 | Lair:6   | XOM: confuse monster(s)
 14601 | Lair:5   | XOM: give mutations
 14601 | Lair:5   | Gained mutation: Your natural rate of healing is unusually fast. [Xom's grace]
 14601 | Lair:5   | Gained mutation: You have a beak for a mouth. [Xom's grace]
 14646 | Lair:5   | XOM: god gift: glowing glaive {god gift}
 14666 | Lair:5   | XOM: fog
 14735 | Lair:2   | XOM: give mutations
 14735 | Lair:2   | Gained mutation: You have sharp fingernails. [Xom's grace]
 14735 | Lair:2   | Gained mutation: Your muscles are strong. (Str +2) [Xom's grace]
 14939 | D:9      | Found an opulent altar of Gozag.
 15059 | D:9      | XOM: 1-stop teleportation journey
 15167 | D:9      | XOM: harmless Necr miscast
 15248 | D:9      | Found an ancient bone altar of Kikubaaqudgha.
 15249 | D:9      | Found a radiant altar of Vehumet.
 15314 | D:9      | XOM: scenery: create altars
 15364 | D:9      | Found a staircase to the Orcish Mines.
 15490 | D:9      | XOM is BORED!
 15490 | D:9      | XOM: give mutations
 15490 | D:9      | Lost mutation: Armour fits poorly on your strangely shaped body. [Xom's mischief]
 15490 | D:9      | Lost mutation: You possess an exceptional clarity of mind. [Xom's mischief]
 15541 | Orc:1    | Entered Level 1 of the Orcish Mines
 15804 | Orc:1    | XOM: swap monsters
 15867 | Orc:1    | XOM: god gift: paperback book {god gift}
 15908 | Orc:1    | XOM: give mutation
 15908 | Orc:1    | Gained mutation: You have large cloven feet. [Xom's grace]
 16189 | Orc:1    | XOM: 3-stop teleportation journey
 16209 | Orc:1    | XOM: give mutations
 16209 | Orc:1    | Gained mutation: Your body sometimes deteriorates upon taking damage. [Xom's mischief]
 16209 | Orc:1    | Gained mutation: You possess an exceptional clarity of mind. [Xom's mischief]
 16209 | Orc:1    | Lost mutation: Your flesh is very cold resistant. (rC++) [Xom's mischief]
 16209 | Orc:1    | Lost mutation: Your body sometimes deteriorates upon taking damage. [Xom's mischief]
 16225 | Orc:1    | Noticed a stone giant
 16240 | Orc:1    | Killed a stone giant
 16264 | Orc:1    | XOM: harmless Chrm miscast
 16306 | Orc:1    | XOM: mild Tloc miscast
 16431 | Orc:1    | XOM: mild Pois miscast
 16655 | Orc:1    | XOM: summons 1 hostile demon
 16662 | Orc:1    | Reached skill level 16 in Axes
 16798 | Orc:2    | Entered Level 2 of the Orcish Mines
 16895 | D:10     | Entered Level 10 of the Dungeon
 16943 | D:10     | XOM: harmless Pois miscast
 17012 | D:10     | XOM: summons 6 hostile demons
 17337 | D:10     | XOM: stat loss: -1 Dex (9/11)
 17349 | D:10     | XOM: smoke on damage
 18057 | D:11     | XOM: confuse monster(s)
 18221 | D:11     | XOM: potion effect (invisibility)
 18286 | D:11     | XOM: enchant monster (good)
 18347 | D:11     | XOM: summons friendly iron imp
 18445 | D:11     | XOM: god gift: 20 stones
 18575 | D:11     | XOM: cleaving
 18626 | D:11     | XOM: cast spell 'Summon Small Mammal'
 18682 | D:11     | XOM: divine lightning
 18683 | D:11     | XOM: cast spell 'Chain of Chaos'
 18741 | D:11     | Reached XP level 14. HP: 129/129 MP: 19/19
 18892 | D:11     | XOM: give mutations
 18892 | D:11     | Gained mutation: You have very sharp fingernails. [Xom's grace]
 18892 | D:11     | Gained mutation: You evolve. [Xom's grace]
 18961 | D:12     | Found a corrupted altar of Lugonu.
 19008 | D:12     | XOM: fog
 19084 | D:12     | XOM: scenery: 1 doors close
 19240 | D:12     | XOM: scenery: create altars
 19343 | D:12     | XOM: give mutations
 19343 | D:12     | Gained mutation: Your spells are a little harder to cast, but a little more powerful. [Xom's grace]
 19343 | D:12     | Gained mutation: Your spells are harder to cast, but more powerful. [Xom's grace]
 19343 | D:12     | Gained mutation: Your spells are much harder to cast, but much more powerful. [Xom's grace]
 19343 | D:12     | Gained mutation: Your movements are slightly less encumbered by armour. (ER -2) [Xom's grace]
 19474 | D:12     | Got an ichor-stained scale mail
 19516 | D:12     | Identified the +3 scale mail "Taifak" {rF- Regen+ Dex+2} (You found it on level 12 of the Dungeon)
 19530 | D:12     | Found Geol's Armour Shoppe.
 19547 | D:12     | XOM: scenery: create altars
 19584 | D:12     | XOM: enchant monster (good)
 19645 | D:12     | XOM: harmless Chrm miscast
 19728 | D:12     | Noticed Rupert
 19733 | D:12     | Noticed Rupert
 19733 | D:12     | Rupert changed into Rupert the azure jelly
 19733 | D:12     | XOM: polymorph Rupert -> Rupert the azure jelly
 19736 | D:12     | Killed Rupert the azure jelly
 19736 | D:12     | Reached skill level 17 in Axes
 19751 | D:12     | XOM: cloud trail
 20013 | D:13     | XOM: confuse monster(s)
 20443 | D:13     | XOM: scenery: 1 doors close
 20453 | D:13     | XOM: confuse monster(s)
 20461 | D:13     | XOM: summons friendly white imp
 20683 | D:13     | Found a gate to the Vaults.
 20967 | Orc:2    | XOM: blink monster(s)
 20975 | Orc:2    | XOM: swap monsters
 20978 | Orc:2    | XOM: god gift: dagger {god gift}
 21004 | Orc:2    | Noticed Nessos
 21004 | Orc:2    | XOM: enchant monster (bad)
 21009 | Orc:2    | Found a staircase to the Elven Halls.
 21015 | Orc:2    | Killed Nessos
 21169 | Orc:2    | Noticed Snorg
 21177 | Orc:2    | Killed Snorg
 21189 | Orc:2    | XOM: summons 9 friendly demons
 21240 | Orc:2    | XOM: polymorph wolf -> porcupine
 21276 | Orc:2    | Noticed Jotun's ghost (journeyman GrEE)
 21287 | Orc:2    | Killed Jotun's ghost
 21287 | Orc:2    | Reached skill level 10 in Dodging
 21396 | Orc:2    | Found Commyor's Gadget Boutique.
 21413 | Orc:2    | Found Hitaewon's Armour Emporium.
 21433 | Orc:2    | XOM: harmless Pois miscast
 21436 | Orc:2    | XOM: blink monster(s)
 21520 | Orc:2    | Found Xeuxtade's Magic Scroll Shop.
 21521 | Orc:2    | Found Ycacril's General Store.
 21532 | Orc:2    | XOM: swap monsters
 21535 | Orc:2    | XOM: enchant monster (bad)
 21564 | Orc:2    | Reached skill level 18 in Axes
 21574 | Orc:2    | Reached skill level 10 in Evocations
 21606 | Orc:2    | Bought a scroll of identify for 26 gold pieces
 21608 | Orc:2    | Bought a scroll of brand weapon for 260 gold pieces
 21608 | Orc:2    | Bought a potion of curing for 39 gold pieces
 21608 | Orc:2    | Bought a scroll of enchant armour for 97 gold pieces
 21613 | Orc:2    | Bought a scroll of enchant weapon for 105 gold pieces
 22042 | Orc:2    | Bought a wand of clouds (5/9) for 378 gold pieces
 22042 | Orc:2    | Bought a sack of spiders for 280 gold pieces
 22042 | Orc:2    | Bought a phial of floods for 560 gold pieces
 22312 | Lair:1   | Reached XP level 15. HP: 138/138 MP: 21/21
 22427 | Lair:3   | Lost mutation: You have large cloven feet. [evolution]
 22788 | Lair:6   | XOM: cleaving
 22847 | Lair:6   | XOM: potion effect (curing)
 22855 | Lair:6   | XOM: potion effect (brilliance)
 22870 | Lair:6   | Killed Turtleman12345's ghost
 22911 | Lair:6   | XOM: harmless Necr miscast
 22923 | Lair:6   | XOM: cast spell 'Leda's Liquefaction'
 23293 | Lair:6   | Paralysed by a hornet for 2 turns
 23306 | Lair:6   | XOM: mild Conj miscast
 23394 | Lair:6   | XOM: enchant monster (bad)
 23400 | Lair:6   | XOM: cast spell 'Olgreb's Toxic Radiance'
 23404 | Lair:6   | XOM: divination: detect items
 23410 | Lair:6   | XOM: cast spell 'Chain of Chaos'
 23414 | Lair:6   | XOM: confuse monster(s)
 23435 | Lair:6   | XOM: mild Tloc miscast
 23445 | Lair:6   | XOM: enchant monster (bad)
 23554 | Lair:6   | Identified a scroll of acquirement
 23591 | Lair:6   | XOM: medium Ice miscast
 23741 | Lair:6   | XOM: medium Tmut miscast
 23973 | Lair:4   | XOM: give mutations
 23973 | Lair:4   | Lost mutation: Your natural rate of healing is unusually fast. [Xom's mischief]
 23973 | Lair:4   | Lost mutation: Your spells are much harder to cast, but much more powerful. [Xom's mischief]
 24163 | Orc:2    | Bought a scroll of fear for 49 gold pieces
 24163 | Orc:2    | Bought a scroll of identify for 28 gold pieces
 24163 | Orc:2    | Bought a scroll of identify for 28 gold pieces
 24163 | Orc:2    | Bought a scroll of identify for 28 gold pieces
 24163 | Orc:2    | Bought a scroll of identify for 28 gold pieces
 24163 | Orc:2    | Bought a scroll of identify for 28 gold pieces
 24248 | D:9      | XOM: medium Tmut miscast
 24337 | D:12     | XOM: potion effect (haste)
 24507 | D:14     | Found a snail-covered altar of Cheibriados.
 24578 | D:14     | XOM: summons 7 hostile demons
 24614 | D:14     | XOM: divination: detect creatures
 24725 | D:14     | XOM: summons friendly quasit
 25262 | D:15     | Entered Level 15 of the Dungeon
 25265 | D:15     | XOM: confuse monster(s)
 25281 | D:15     | Found a labyrinth entrance.
 25290 | Lab      | Entered a labyrinth
 25426 | Lab      | XOM: cloud trail
 25529 | Lab      | XOM: 1-stop teleportation journey
 25722 | D:15     | XOM: give mutations
 25722 | D:15     | Lost mutation: Your muscles are strong. (Str +2) [Xom's mischief]
 25722 | D:15     | Lost mutation: You possess an exceptional clarity of mind. [Xom's mischief]
 25722 | D:15     | Lost mutation: Your spells are harder to cast, but more powerful. [Xom's mischief]
 25826 | D:15     | Found Oxuet's Jewellery Shoppe.
 25999 | D:15     | Reached skill level 19 in Axes
 26000 | D:15     | XOM: harmless Pois miscast
 26154 | D:15     | XOM: enchant monster (good)
 26196 | D:15     | XOM: summons friendly crimson imp
 26227 | D:15     | Gained mutation: Your magical capacity is low. (-10% MP) [evolution]
 26231 | D:15     | XOM: summons friendly iron imp
 26232 | D:15     | XOM: harmless Air miscast
 26349 | D:15     | XOM: cloud trail
 26376 | D:15     | Reached XP level 16. HP: 89/147 MP: 10/20
 26378 | D:15     | XOM: noise
 26381 | D:15     | XOM: divination: detect creatures
 26385 | D:15     | XOM: enchant monster (good)
 26466 | D:15     | XOM: scenery: create altars
 26572 | D:15     | Found a staircase to the Depths.
 26633 | D:15     | Found a burning altar of Makhleb.
 26685 | D:15     | XOM: mild Necr miscast
 26687 | D:15     | XOM: polymorph two-headed ogre -> fire dragon
 26692 | D:15     | XOM: enchant monster (bad)
 26693 | D:15     | Reached skill level 15 in Fighting
 26800 | D:15     | XOM: summons 8 hostile demons
 26819 | D:15     | XOM: fog
 27049 | D:14     | XOM: scenery: create altars
 27137 | D:11     | XOM is BORED!
 27137 | D:11     | XOM: medium Tmut miscast
 27204 | Lair:1   | XOM: cleaving
 27281 | Shoals:1 | Entered Level 1 of the Shoals
 27485 | Shoals:1 | XOM: confuse monster(s)
 27525 | Shoals:1 | XOM: confuse monster(s)
 27541 | Shoals:1 | XOM: harmless Necr miscast
 27752 | Shoals:1 | XOM: blink monster(s)
 27757 | Shoals:1 | XOM: noise
 28115 | Shoals:1 | Found Ysafar's Distillery.
 28127 | Shoals:1 | Bought a potion of heal wounds for 60 gold pieces
 28127 | Shoals:1 | Bought a potion of might for 48 gold pieces
 28127 | Shoals:1 | Bought a potion of might for 48 gold pieces
 28127 | Shoals:1 | Bought a potion of curing for 36 gold pieces
 28152 | Shoals:1 | XOM: mild Tloc miscast
 28219 | Shoals:2 | XOM: medium Tloc miscast
 28365 | Shoals:2 | Noticed a kraken
 28375 | Shoals:2 | Noticed Polyphemus
 28394 | Shoals:2 | XOM: swap monsters
 28399 | Shoals:2 | XOM: summons friendly white imp
 28607 | Shoals:2 | XOM: polymorph merfolk -> merfolk
 28724 | Shoals:2 | XOM: enchant monster (bad)
 28730 | Shoals:2 | Reached skill level 15 in Armour
 28736 | Shoals:2 | Reached skill level 20 in Axes
 28858 | Shoals:2 | XOM: god gift: royal jelly
 28939 | Shoals:2 | Found Titt's General Store.
 28950 | Shoals:2 | Bought a scroll of enchant weapon for 142 gold pieces
 28954 | Shoals:3 | Found Bimaz's Magic Scroll Boutique.
 28995 | Shoals:3 | Found a frozen archway.
 29012 | IceCv    | Entered an ice cave
 29023 | IceCv    | Noticed Turtleman12345's ghost (adept MiFi)
 29024 | IceCv    | XOM: summons 6 friendly demons
 29043 | IceCv    | XOM: enchant monster (good)
 29044 | IceCv    | XOM: confuse monster(s)
 29054 | IceCv    | Killed Turtleman12345's ghost
 29136 | IceCv    | XOM: cloud trail
 29177 | IceCv    | XOM: god gift: sack of spiders
 29217 | IceCv    | Noticed Inkary's ghost (journeyman MiFi)
 29219 | IceCv    | XOM: mild Fire miscast
 29221 | IceCv    | XOM: give mutation
 29221 | IceCv    | Gained mutation: Armour fits poorly on your strangely shaped body. [Xom's mischief]
 29241 | IceCv    | XOM: fake destruction
 29250 | IceCv    | Killed Inkary's ghost
 29542 | IceCv    | XOM: potion effect (heal wounds)
 29783 | IceCv    | Identified Sif Muna's Guide on Translocation and the Snowflakes
 30184 | Shoals:2 | Gained mutation: You have a pair of large horns on your head. [evolution]
 30237 | Shoals:2 | XOM: potion effect (curing)
 30286 | Shoals:3 | XOM: enchant monster (good)
 30297 | Shoals:3 | XOM: noise
 30310 | Shoals:3 | XOM: noise
 30312 | Shoals:3 | Reached XP level 17. HP: 75/157 MP: 22/22
 30312 | Shoals:3 | XOM: silly message
 30816 | Shoals:3 | XOM: medium Tmut miscast
 30820 | Shoals:3 | XOM: swap monsters
 30847 | Shoals:3 | XOM: smoke on damage
 31065 | Shoals:4 | Entered Level 4 of the Shoals
 31073 | Shoals:3 | XOM: give mutations
 31073 | Shoals:3 | Lost mutation: Your movements are slightly less encumbered by armour. (ER -2) [Xom's mischief]
 31073 | Shoals:3 | Lost mutation: You have very sharp fingernails. [Xom's mischief]
 31073 | Shoals:3 | Lost mutation: You evolve. [Xom's mischief]
 31073 | Shoals:3 | Gained mutation: You are weak. (Str -2) [Xom's mischief]
 31210 | Shoals:3 | XOM: god gift: 5 poisoned tomahawks
 31267 | Shoals:4 | XOM: noise
 31268 | Shoals:4 | XOM: blink monster(s)
 31400 | Shoals:4 | Identified the Guide on Bewitching Snow
 31463 | Shoals:4 | XOM: summons 2 friendly demons
 31469 | Shoals:4 | Noticed Ilsuiw
 31469 | Shoals:4 | HP: 5/158 [merfolk impaler/demon trident of freezing (14)]
 31470 | Shoals:4 | XOM: summons 12 friendly demons
 31496 | Shoals:4 | XOM: god gift: bread ration
 31657 | Shoals:4 | XOM: enchant monster (good)
 31664 | Shoals:4 | XOM: confuse monster(s)
 31708 | Shoals:4 | XOM: scenery: create altars
 31906 | Shoals:4 | XOM: confusion
 32111 | Shoals:4 | Reached skill level 21 in Axes
 32140 | Shoals:4 | XOM: smoke on damage
 32332 | Shoals:4 | Noticed a kraken
 32397 | Shoals:4 | XOM: mild Chrm miscast
 32557 | Shoals:4 | XOM: smoke on damage
 32722 | Shoals:4 | Got a barnacled rune of Zot
 32809 | Shoals:2 | Killed Polyphemus
 32818 | Shoals:2 | a kraken changed into a sphinx
 32818 | Shoals:2 | XOM: polymorph kraken -> sphinx
 32849 | Shoals:1 | XOM: harmless Summ miscast
 33139 | Vaults:1 | Entered Level 1 of the Vaults
 33260 | Vaults:1 | Found a magical portal.
 33265 | WizLab   | Entered Zonguldrok's Shrine
 33394 | WizLab   | XOM: noise
 33403 | WizLab   | XOM: harmless Tloc miscast
 33435 | WizLab   | XOM: confusion
 33515 | WizLab   | XOM: swap monsters
 33519 | WizLab   | XOM: enchant monster (bad)
 33536 | WizLab   | XOM: swap monsters
 33634 | WizLab   | XOM: mild Summ miscast
 33681 | WizLab   | XOM: noise
 33689 | WizLab   | XOM: swap monsters
 33700 | WizLab   | XOM: 1-stop teleportation journey
 33711 | WizLab   | XOM: enchant monster (good)
 33838 | WizLab   | Noticed an antique lich
 33855 | WizLab   | Killed an antique lich
 33855 | WizLab   | Reached XP level 18. HP: 168/168 MP: 23/23
 33960 | Vaults:1 | XOM: 3-stop teleportation journey
 34063 | Vaults:1 | Noticed Saint Roka
 34070 | Vaults:1 | Killed Saint Roka
 34267 | Vaults:1 | XOM: noise
 34276 | Vaults:1 | XOM: noise
 34277 | Vaults:1 | XOM: scenery: create altars
 34448 | Vaults:1 | XOM: summons 2 hostile demons
 34676 | D:8      | Bought a potion of curing for 39 gold pieces
 34676 | D:8      | Bought a potion of curing for 39 gold pieces
 34676 | D:8      | Bought a potion of resistance for 130 gold pieces
 34676 | D:8      | Bought a potion of curing for 39 gold pieces
 34955 | Vaults:1 | XOM: give mutation
 34962 | Vaults:1 | XOM: enchant monster (good)
 34963 | Vaults:1 | XOM: polymorph wolf spider -> anaconda
 34969 | Vaults:1 | Paralysed by a floating eye for 2 turns
 34974 | Vaults:1 | XOM: potion effect (curing)
 34975 | Vaults:1 | XOM: snakes to sticks
 34975 | Vaults:1 | XOM: smoke on damage
 35252 | Vaults:1 | Noticed Nikola
 35560 | Vaults:1 | XOM: potion effect (agility)
 35566 | Vaults:1 | Killed Nikola
 35635 | Vaults:1 | XOM: blink monster(s)
 35643 | Vaults:1 | XOM: divination: detect creatures
 35659 | Vaults:1 | Reached skill level 22 in Axes
 35662 | Vaults:1 | XOM: potion effect (invisibility)
 35878 | Vaults:1 | XOM: divination: magic mapping
 35918 | Vaults:1 | XOM: cloud trail
 35942 | Vaults:1 | XOM: mild Erth miscast
 36098 | Vaults:1 | XOM: swap monsters
 36175 | Vaults:1 | XOM: swap monsters
 36553 | Vaults:1 | XOM: harmless Conj miscast
 36765 | Vaults:2 | Paralysed by a wizard for 6 turns
 36818 | Vaults:2 | Paralysed by a wizard for 4 turns
 37106 | Vaults:2 | XOM: confusion
 37117 | Vaults:2 | XOM: noise
 37119 | Vaults:2 | XOM: polymorph yaktaur -> death drake
 37120 | Vaults:2 | XOM: chaos upgrade
 37140 | Vaults:2 | XOM: harmless Chrm miscast
 37147 | Vaults:2 | XOM: harmless Summ miscast
 37156 | Vaults:2 | XOM: cast spell 'Summon Hydra'
 37157 | Vaults:2 | Reached XP level 19. HP: 172/177 MP: 24/24
 37206 | Vaults:2 | XOM: destruction
 37288 | Vaults:2 | XOM: potion effect (might)
 37299 | Vaults:2 | XOM: confuse monster(s)
 37381 | Vaults:2 | XOM: scenery: create altars
 37436 | Vaults:2 | XOM: 4-stop teleportation journey
 37617 | Vaults:2 | XOM: destruction
 37737 | Vaults:2 | XOM: give mutation
 37737 | Vaults:2 | Gained mutation: Your spells are harder to cast, but more powerful. [Xom's grace]
 38044 | Vaults:2 | XOM: confuse monster(s)
 38155 | Vaults:2 | XOM: scenery: create altars
 38303 | Vaults:2 | XOM: god gift: 1860 gold pieces
 38472 | Vaults:1 | Reached skill level 23 in Axes
 38488 | D:13     | XOM: give mutation
 38488 | D:13     | Gained mutation: Your spells are much harder to cast, but much more powerful. [Xom's grace]
 38622 | D:9      | XOM: scenery: create altars
 38817 | Shoals:3 | Bought a scroll of enchant armour for 90 gold pieces
 38817 | Shoals:3 | Bought a scroll of recharging for 114 gold pieces
 38817 | Shoals:3 | Bought a scroll of identify for 24 gold pieces
 38817 | Shoals:3 | Bought a scroll of enchant weapon for 90 gold pieces
 38817 | Shoals:3 | Bought a scroll of summoning for 114 gold pieces
 38817 | Shoals:3 | Bought a scroll of enchant armour for 90 gold pieces
 38817 | Shoals:3 | Bought a scroll of summoning for 114 gold pieces
 38964 | Snake:1  | XOM: stealth player
 38964 | Snake:1  | Entered Level 1 of the Snake Pit
 39063 | Snake:1  | XOM: summons 16 friendly demons
 39108 | Snake:1  | XOM: potion effect (agility)
 39185 | Snake:1  | Found Vagh's Food Boutique.
 39186 | Snake:1  | Found Virchebim's Weapon Boutique.
 39188 | Snake:1  | Found Orronaps's General Store.
 39188 | Snake:1  | Found Iphyhei's Assorted Antiques.
 39222 | Snake:1  | XOM: cleaving
 39230 | Snake:1  | Bought a scroll of acquirement for 1768 gold pieces
 39233 | Snake:1  | Identified the +1 crystal plate armour "Balal" {Str+4 Dex+2} (You acquired it on level 1 of the Snake Pit)
 39285 | Snake:1  | XOM: polymorph naga sharpshooter -> yaktaur
 39347 | Snake:1  | XOM: smoke on damage
 39348 | Snake:1  | XOM: fog
 39367 | Snake:1  | XOM: polymorph naga warrior -> floating eye
 39511 | Snake:1  | XOM: give mutations
 39511 | Snake:1  | Gained mutation: You are resistant to hostile enchantments. (MR+) [Xom's grace]
 39511 | Snake:1  | Gained mutation: You are partially covered in slimy green scales. (AC +2) [Xom's grace]
 39600 | Snake:1  | XOM: enchant monster (good)
 39605 | Snake:1  | XOM: polymorph naga ritualist -> meliai
 39726 | Snake:1  | XOM: summons friendly chaos spawn
 39793 | Snake:1  | XOM: divination: detect items
 39798 | Snake:1  | XOM: summons 3 hostile demons
 40288 | Snake:2  | XOM: mild Conj miscast
 40306 | Snake:2  | XOM: chaos upgrade
 40432 | Snake:2  | XOM: divination: magic mapping
 40493 | Snake:2  | XOM: give mutations
 40493 | Snake:2  | Gained mutation: You are very weak. (Str -4) [Xom's mischief]
 40493 | Snake:2  | Lost mutation: Armour fits poorly on your strangely shaped body. [Xom's mischief]
 40493 | Snake:2  | Lost mutation: You are very weak. (Str -4) [Xom's mischief]
 40493 | Snake:2  | Lost mutation: You are resistant to hostile enchantments. (MR+) [Xom's mischief]
 40500 | Snake:2  | Reached skill level 15 in Dodging
 40537 | Snake:2  | Found Rosimn's Book Emporium.
 40560 | Snake:2  | XOM: destruction
 40728 | Snake:2  | XOM: 5-stop teleportation journey
 40933 | Snake:2  | XOM: mild Air miscast
 41194 | Snake:2  | XOM: mild Pois miscast
 41310 | Snake:3  | XOM: mild Air miscast
 41315 | Snake:3  | XOM: 1-stop teleportation journey
 41364 | Snake:3  | Reached XP level 20. HP: 187/187 MP: 26/26
 41660 | Snake:3  | XOM: harmless Chrm miscast
 41698 | Snake:3  | XOM: enchant monster (bad)
 41741 | Snake:3  | XOM: summons 3 friendly demons
 41761 | Snake:3  | XOM: polymorph white imp -> quasit
 42195 | Snake:3  | XOM: scenery: create altars
 42482 | Snake:4  | Entered Level 4 of the Snake Pit
 42500 | Snake:4  | XOM: cast spell 'Death Channel'
 42598 | Snake:4  | XOM: god gift: glowing war axe {god gift}
 42679 | Snake:4  | XOM: polymorph naga mage -> harpy
 42706 | Snake:4  | XOM: give mutation
 42706 | Snake:4  | Gained mutation: You have very sharp fingernails. [Xom's grace]
 42772 | Snake:4  | XOM: 5-stop teleportation journey
 42891 | Snake:4  | Found Uffyph Zega's Distillery.
 42893 | Snake:4  | Found Taqel's Armour Boutique.
 42952 | Snake:4  | Bought a potion of heal wounds for 65 gold pieces
 42952 | Snake:4  | Bought a potion of heal wounds for 65 gold pieces
 42952 | Snake:4  | Bought a potion of haste for 130 gold pieces
 42952 | Snake:4  | Bought a potion of haste for 130 gold pieces
 42952 | Snake:4  | Bought a potion of curing for 39 gold pieces
 43015 | Snake:4  | Noticed Mitsuki's ghost (adept HOFi)
 43030 | Snake:4  | XOM: fog
 43036 | Snake:4  | Killed Mitsuki's ghost
 43136 | Snake:4  | XOM: swap monsters
 43254 | Snake:4  | Reached skill level 24 in Axes
 43564 | Snake:4  | XOM: divine lightning
 43719 | Snake:4  | XOM: 5-stop teleportation journey
 43949 | Snake:4  | XOM: cast spell 'Death Channel'
 43951 | Snake:4  | XOM: summons 3 friendly demons
 43990 | Snake:4  | Got a serpentine rune of Zot
 44648 | Vaults:2 | XOM: medium Ice miscast
 44854 | Vaults:2 | XOM: medium Air miscast
 44890 | Vaults:2 | XOM: medium Erth miscast
 44951 | Vaults:2 | XOM: give mutations
 44951 | Vaults:2 | Lost mutation: You are weak. (Str -2) [Xom's mischief]
 44951 | Vaults:2 | Gained mutation: You are clumsy. (Dex -2) [Xom's mischief]
 45083 | Vaults:3 | XOM: chaos upgrade
 45149 | Vaults:3 | XOM: confusion (+ monsters)
 45204 | Vaults:3 | XOM: give mutations
 45204 | Vaults:3 | Lost mutation: Your flesh is cold resistant. (rC+) [Xom's mischief]
 45204 | Vaults:3 | Lost mutation: Your magical capacity is low. (-10% MP) [Xom's mischief]
 45258 | Vaults:3 | Found a staircase to the Crypt.
 45258 | Vaults:3 | Found an ancient bone altar of Kikubaaqudgha.
 45265 | Vaults:3 | Found a basalt altar of Yredelemnul.
 45269 | Vaults:3 | XOM: mild Tmut miscast
 45297 | Vaults:3 | XOM: enchant monster (bad)
 45307 | Vaults:3 | XOM: polymorph orc wizard -> boggart
 45332 | Vaults:3 | Found a flickering gateway to a bazaar.
 45425 | Bazaar   | Entered a bazaar
 45425 | Bazaar   | Found Amif's General Store.
 45440 | Bazaar   | Found Deumn's Magic Scroll Boutique.
 45445 | Bazaar   | Found Ylylimi's Magic Scroll Boutique.
 45456 | Bazaar   | Found Semu Wuth's Gadget Boutique.
 45460 | Bazaar   | Found Lidwijisk's Distillery.
 45491 | Bazaar   | Bought a scroll of blinking for 52 gold pieces
 45491 | Bazaar   | Bought a scroll of enchant weapon for 52 gold pieces
 45544 | Bazaar   | Bought a potion of heal wounds for 45 gold pieces
 45544 | Bazaar   | Bought a potion of heal wounds for 45 gold pieces
 45544 | Bazaar   | Bought a potion of heal wounds for 45 gold pieces
 45567 | Bazaar   | Bought a scroll of teleportation for 21 gold pieces
 45599 | Vaults:3 | XOM: medium Summ miscast
 45641 | Vaults:3 | XOM: enchant monster (bad)
 45644 | Vaults:3 | XOM: chaos upgrade
 45684 | Vaults:3 | Reached XP level 21. HP: 163/195 MP: 30/30
 45889 | Vaults:3 | XOM: god gift: potion of heal wounds
 46120 | Vaults:3 | XOM: mild Necr miscast
 46294 | Vaults:4 | Reached skill level 25 in Axes
 46497 | Vaults:4 | XOM: harmless Air miscast
 46561 | Vaults:4 | XOM: mild Necr miscast
 46654 | Vaults:4 | XOM: severe Erth miscast
 46660 | Vaults:4 | XOM: confuse monster(s)
 46915 | Vaults:4 | XOM: cast spell 'Alistair's Intoxication'
 46978 | Vaults:4 | XOM: divination: detect creatures
 46982 | Vaults:4 | XOM: summons 4 friendly demons
 47188 | Vaults:4 | XOM: stat loss: -1 Int (8/9)
 47223 | Vaults:4 | XOM: mild Tmut miscast
 47353 | Vaults:4 | XOM: enchant monster (bad)
 47590 | Vaults:4 | XOM: chaos upgrade
 48016 | Elf:1    | Entered Level 1 of the Elven Halls
 48028 | Elf:1    | XOM: polymorph deep elf mage -> yaktaur
 48029 | Elf:1    | XOM: summons friendly sun demon
 48040 | Elf:1    | Reached skill level 15 in Evocations
 48068 | Elf:1    | XOM: cloud trail
 48135 | Elf:1    | XOM: harmless Pois miscast
 48212 | Elf:1    | Noticed Asterion
 48218 | Elf:1    | XOM: noise
 48220 | Elf:1    | Killed Asterion
 48272 | Elf:1    | XOM: god gift: ichor-stained executioner's axe {god gift}
 48275 | Elf:1    | Identified the +1 executioner's axe "Xuowae" {chaos, Str+5} (Xom gifted it to you on level 1 of the Elven Halls)
 48339 | Elf:1    | XOM: god gift: 56 gold pieces
 48438 | Elf:1    | XOM: cast spell 'Leda's Liquefaction'
 48442 | Elf:1    | XOM: divination: detect items
 48514 | Elf:1    | XOM: divination: magic mapping
 48704 | Elf:1    | XOM: cast spell 'Olgreb's Toxic Radiance'
 48901 | Elf:1    | XOM: potion effect (might)
 48988 | Elf:1    | XOM: god gift: 20 stones
 49203 | Elf:2    | Found a runed gate.
 49203 | Elf:2    | Found a runed gate.
 49203 | Elf:2    | Found a runed gate.
 49206 | Elf:2    | XOM: polymorph deep elf knight -> shock serpent
 49212 | Elf:2    | Reached XP level 22. HP: 177/206 MP: 32/32
 49311 | Elf:2    | Noticed Agnes
 49312 | Elf:2    | XOM: summons 2 hostile demons
 49317 | Elf:2    | Killed Agnes
 49326 | Elf:2    | XOM: medium Necr miscast
 49618 | Elf:3    | Entered Level 3 of the Elven Halls
 49844 | Elf:3    | Cast into level 3 of the Abyss (a deep elf sorcerer)
 50092 | Abyss:3  | XOM: summons 3 hostile demons
 50187 | Abyss:3  | XOM: mild Tmut miscast
 50298 | Abyss:3  | XOM: divination: detect items
 50299 | Abyss:3  | XOM: divination: detect creatures
 50316 | Abyss:3  | XOM: mild Fire miscast
 50327 | Abyss:3  | XOM: potion effect (agility)
 50328 | Abyss:3  | XOM: cast spell 'Call Canine Familiar'
 50408 | Abyss:3  | XOM: cast spell 'Call Canine Familiar'
 50428 | Abyss:3  | XOM: summons friendly ufetubus
 50435 | Abyss:3  | XOM: confuse monster(s)
 50436 | Abyss:3  | Reached skill level 26 in Axes
 50584 | Abyss:3  | XOM: scenery: create altars
 50590 | Abyss:3  | XOM: smoke on damage
 50590 | Abyss:3  | Paralysed by accursed screaming for 1 turns
 50595 | Abyss:3  | XOM: enchant monster (good)
 50610 | Abyss:3  | XOM: confuse monster(s)
 50758 | Abyss:3  | XOM: divination: detect creatures
 50830 | Abyss:3  | XOM: potion effect (haste)
 50863 | Abyss:3  | XOM: cast spell 'Summon Hydra'
 50961 | Abyss:3  | XOM: destruction
 51065 | Abyss:3  | XOM: divination: magic mapping
 51093 | Abyss:3  | XOM: potion effect (curing)
 51152 | Abyss:3  | XOM: potion effect (invisibility)
 51353 | Abyss:3  | XOM: divination: detect creatures
 51415 | Abyss:3  | XOM: potion effect (brilliance)
 51522 | Abyss:3  | XOM: harmless Summ miscast
 51560 | Abyss:3  | XOM: confuse monster(s)
 51567 | Abyss:3  | XOM: confuse monster(s)
 51578 | Abyss:3  | Gained mutation: You are very clumsy. (Dex -4) [a neqoxec]
 51666 | Abyss:3  | XOM: blink monster(s)
 51683 | Abyss:3  | Reached XP level 23. HP: 71/216 MP: 33/33
 51686 | Abyss:3  | XOM: repel stairs
 51688 | Abyss:3  | XOM: confusion
 51809 | Abyss:3  | XOM: fake destruction
 51826 | Abyss:3  | XOM: mild Necr miscast
 51913 | Abyss:3  | XOM: noise
 51937 | Abyss:3  | XOM: summons 4 friendly demons
 51944 | Abyss:3  | XOM: summons friendly white imp
 51953 | Abyss:3  | XOM: divination: detect items
 51957 | Abyss:3  | XOM: noise
 51967 | Abyss:3  | Gained mutation: Scrolls take you a little longer to read. [a neqoxec]
 51979 | Abyss:3  | XOM: confusion
 51992 | Abyss:3  | XOM: chaos upgrade
 52000 | Abyss:3  | XOM: summons 4 hostile demons
 52010 | Abyss:3  | XOM: divine lightning
 52031 | Abyss:3  | XOM: swap monsters
 52055 | Abyss:3  | XOM: polymorph deep elf blademaster -> dire elephant
 52056 | Abyss:3  | XOM: noise
 52059 | Abyss:3  | XOM: repel stairs
 52074 | Abyss:3  | XOM: harmless Air miscast
 52080 | Abyss:3  | XOM: potion effect (might)
 52091 | Abyss:3  | XOM: silly message
 52097 | Abyss:3  | XOM: stat loss: -1 Str (31/32)
 52098 | Abyss:3  | XOM: divination: detect creatures
 52117 | Abyss:3  | XOM: polymorph large abomination -> eidolon
 52129 | Abyss:3  | Lost mutation: Your spells are much harder to cast, but much more powerful. [a neqoxec]
 52143 | Abyss:3  | XOM: summons 2 friendly demons
 52191 | Abyss:4  | XOM: polymorph golden eye -> human
 52195 | Abyss:4  | XOM: confuse monster(s)
 52207 | Abyss:4  | XOM: enchant monster (good)
 52288 | Abyss:4  | XOM: summons friendly ufetubus
 52321 | Abyss:4  | XOM: summons 4 friendly demons
 52358 | Abyss:4  | XOM: cleaving
 52376 | Abyss:4  | XOM: potion effect (curing)
 52392 | Abyss:4  | XOM: summons 16 friendly demons
 52393 | Abyss:4  | Paralysed by accursed screaming for 1 turns
 52406 | Abyss:4  | Paralysed by accursed screaming for 1 turns
 52414 | Abyss:4  | Found a corrupted altar of Lugonu.
 52417 | Abyss:4  | XOM: enchant monster (good)
 52424 | Abyss:4  | XOM: summons 4 friendly demons
 52427 | Abyss:4  | Reached skill level 27 in Axes
 52461 | Abyss:4  | XOM: harmless Chrm miscast
 52466 | Abyss:4  | XOM: summons friendly crimson imp
 52480 | Abyss:4  | XOM: enchant monster (good)
 52484 | Abyss:4  | XOM: noise
 52505 | Abyss:4  | XOM: confuse monster(s)
 52532 | Abyss:4  | XOM: cast spell 'Summon Mana Viper'
 52536 | Abyss:4  | Gained mutation: You tend to lose your temper in combat. [a neqoxec]
 52539 | Abyss:4  | XOM: summons friendly quasit
 52550 | Abyss:4  | Paralysed by accursed screaming for 1 turns
 52551 | Abyss:4  | HP: 3/218 [starcursed mass/accursed screaming (17)]
 52551 | Abyss:4  | HP: 1/218 [wraith (2)]
 52552 | Abyss:4  | XOM: god gift: lightning rod (4/4)
 52553 | Abyss:4  | Killed from afar by a starcursed mass

Skill      XL: |  1  2  3  4  5  6  7  8  9 10 11 12 13 14 15 16 17 18 19 20 21 22 23 |
---------------+----------------------------------------------------------------------+-----
Axes           | 4 5 6 7 8 10 12 13 15 16 18 19 20 21 22 23 24 25 26 27 | 27.0
Fighting       | 4 5 6 7 8 9 10 11 12 13 14 15 16 17 18 19 20 | 20.8
Armour         | 3 4 5 6 7 9 10 11 12 13 14 15 16 17 18 19 20 | 20.7
Evocations     | 3 4 5 6 8 9 10 11 12 13 14 15 16 | 16.2
Dodging        | 3 5 7 9 10 11 12 13 14 15 16 17 18 | 18.0

Action                   |  1- 3 |  4- 6 |  7- 9 | 10-12 | 13-15 | 16-18 | 19-21 | 22-24 || total
-------------------------+-------+-------+-------+-------+-------+-------+-------+-------++-------
Melee: Hand axe          |    94 |   209 |   403 |    21 |       |       |       |       ||   727
       Headbutt          |     5 |    27 |    87 |    95 |   249 |   279 |   302 |   200 ||  1244
       Battleaxe         |       |       |       |   493 |   971 |       |       |       ||  1464
       Peck              |       |       |       |       |   196 |   273 |   261 |   171 ||   901
       Executioner's axe |       |       |       |       |   186 |  1225 |  1187 |   823 ||  3421
 Fire: Blowgun           |       |       |       |     3 |       |       |       |       ||     3
Evoke: Wand              |       |     2 |    19 |    10 |    40 |    46 |     6 |     2 ||   125
       Sack of spiders   |       |       |       |       |       |     2 |       |       ||     2
       Lamp of fire      |       |       |       |       |       |     1 |       |       ||     1
  Use: Scroll            |     2 |     3 |    10 |    17 |    14 |    30 |    22 |     2 ||   100
       Potion            |       |       |       |     5 |     5 |    29 |     2 |    24 ||    65
 Stab: Confused          |     1 |     1 |       |     5 |     7 |     2 |     6 |     4 ||    26
       Paralysed         |       |       |     4 |    17 |    17 |     7 |     1 |     3 ||    49
       Invisible         |       |       |       |       |     7 |     2 |     1 |       ||    10
       Petrified         |       |       |       |       |     7 |     2 |       |       ||     9
       Distracted        |       |       |       |       |     3 |     1 |     2 |     1 ||     7
       Sleeping          |       |       |       |       |       |       |     1 |       ||     1
  Eat: Chunk             |     1 |     4 |    14 |    20 |    26 |    23 |    22 |     3 ||   113
       Bread ration      |       |     1 |     1 |       |     4 |     3 |     4 |     3 ||    16
Armor: Leather armour    |    17 |       |       |       |       |       |       |       ||    17
       Chain mail        |    36 |   119 |   240 |   245 |    46 |       |       |       ||   686
       Skin              |       |       |     9 |       |       |       |       |       ||     9
       Plate armour      |       |       |       |       |   477 |   793 |    83 |       ||  1353
       Crystal plate arm |       |       |       |       |       |       |   611 |   438 ||  1049
Dodge: Dodged            |    51 |    72 |   140 |   209 |   791 |  1193 |   927 |   528 ||  3911
